 Dungeon Crawl Stone Soup version 0.21-a0-584-g185da8e (webtiles) character file.

81 mortelune the Skirmisher (level 4, -7/36 HPs)
             Began as a Demonspawn Abyssal Knight on Dec 20, 2017.
             Was a Follower of Lugonu.
             Mangled by a gnoll
             ... wielding a +0 flail
              (11 damage)
             ... on level 2 of the Dungeon.
             The game lasted 00:06:50 (2332 turns).

mortelune the Skirmisher (DsAK)                     Turns: 2332, Time: 00:06:51

Health: -7/36      AC:  7    Str: 13    XL:     4   Next: 20%
Magic:  5/5        EV: 11    Int: 14    God:    Lugonu [*.....]
Gold:   86         SH:  0    Dex: 12    Spells: 3/3 levels left

rFire    + . .     SeeInvis .   a - +1 mace
rCold    . . .     Gourm    .   (no shield)
rNeg     . . .     Faith    .   b - +0 leather armour
rPois    .         Spirit   .   n - +0 helmet
rElec    .         Reflect  .   (no cloak)
rCorr    +         Harm     .   (no gloves)
MR       .....                  (no boots)
Stlth    +.........             (no amulet)
HPRegen  0.12/turn              f - ring of protection from fire
MPRegen  0.09/turn              j - ring of resist corrosion

@: no status effects
A: yellow scales 2, demonic guardian 1
a: Depart the Abyss, Renounce Religion


You were on level 2 of the Dungeon.
You worshipped Lugonu.
Lugonu was aware of your devotion.
You were not hungry.

You visited 1 branch of the dungeon, and saw 2 of its levels.
You visited the Abyss 1 time.

You collected 86 gold pieces.

Inventory:

Hand Weapons
 a - a +1 mace (weapon)
Armour
 b - a +0 leather armour (worn)
 n - a +0 helmet (worn)
Jewellery
 f - a ring of protection from fire (left hand)
 j - a ring of resist corrosion (right hand)
 k - an uncursed ring of protection from fire
Wands
 i - a wand of flame (19)
Potions
 g - a potion of berserk rage {unknown}
 h - a potion of flight {unknown}
Comestibles
 c - 3 rations
 m - 6 chunks of flesh


   Skills:
 + Level 3.6 Fighting
 * Level 3.1 Maces & Flails
 + Level 2.5 Armour
 - Level 0.8 Dodging
 - Level 2.4 Invocations


You had 3 spell levels left.
You didn't know any spells.

Dungeon Overview and Level Annotations

Branches:
Dungeon (2/15)

Altars:


Innate Abilities, Weirdness & Mutations

You are mostly covered in yellow scales. (AC +3)
A weak demonic guardian rushes to your aid.


Message History

You closely miss the gnoll.
The gnoll is severely wounded.
The gnoll hits you with a flail!
* * * LOW HITPOINT WARNING * * *
The gnoll hits you with a flail.
* * * LOW HITPOINT WARNING * * *
As you read the scroll labeled COEHISO VIOMPA, it crumbles to dust.
The creatures around you are filled with an inner flame!
It was a scroll of immolation.
The gnoll barely misses you. x2
It was a potion of invisibility.
You fade into invisibility!
The gnoll closely misses you.
You are very lightly contaminated with residual magic.
It was a potion of cancellation.
Your magical effects are unravelling.
You feel magically purged.
Your magical contamination has completely faded away.
You flicker back into view.
The gnoll hits you with a flail!
You die...

. ............) # ..#
.>.....รท..... #..##
............#... ....#
...........#.... .#....
.........#.....# .# ... ##
....##....#.### ..# . #.
###.....#....... #... #.
######......#..#.#... ##..
###.##ghg@g5.......##..... ..
....#.....g####..####..####...
.#
..........#####..####..#######
. #.#.......##...............#
## ...%..>...................#
..##..################........#
#..##.# ########## #....#####
#..#....)#)#


You could see 4 gnolls, a jackal (inner flame) and a friendly quasit.

Vanquished Creatures
  Robin (D:1)
  A gnoll (D:2)
  2 adders
  A leopard gecko (D:1)
  A giant cockroach (D:1)
  8 goblins
  7 hobgoblins
  4 jackals (D:1)
  3 bats
  2 frilled lizards (D:1)
  3 kobolds (D:1)
  2 rats (D:1)
35 creatures vanquished.

Vanquished Creatures (collateral kills)
  An adder (D:2)
  A jackal (D:2)
2 creatures vanquished.

Grand Total: 37 creatures vanquished

Notes
Turn   | Place    | Note
-------+----------+-------------------------------------------
     0 | Abyss:1  | mortelune the Demonspawn Abyssal Knight began the quest for the Orb.
     0 | Abyss:1  | Reached XP level 1. HP: 18/18 MP: 2/2
     0 | D:1      | Escaped the Abyss
    51 | D:1      | Reached * piety under Lugonu
   665 | D:1      | Gained mutation: A weak demonic guardian rushes to your aid. [demonic ancestry]
   665 | D:1      | Reached XP level 2. HP: 24/24 MP: 3/3
  1436 | D:1      | Gained mutation: You are partially covered in yellow scales. (AC +2) [demonic ancestry]
  1436 | D:1      | Reached XP level 3. HP: 13/29 MP: 4/4
  1933 | D:2      | Noticed Robin
  1958 | D:1      | Killed Robin
  2150 | D:1      | Gained mutation: You are mostly covered in yellow scales. (AC +3) [demonic ancestry]
  2150 | D:1      | Reached XP level 4. HP: 31/35 MP: 5/5
  2332 | D:2      | Mangled by a gnoll

Vault maps used:
D:1:      roderic_crossed_star
D:2:      uniq_robin, uniq_crazy_yiuf_cottage

Skill      XL: |  1  2  3 |
---------------+----------+-----
Maces & Flails | 2 3 |  3.1
Armour         | 2 |  2.5
Fighting       | |  3.6
Dodging        | |  0.8
Invocations    | |  2.4

Action                   |  1- 3 |  4- 6 || total
-------------------------+-------+-------++-------
Melee: Mace              |    98 |    19 ||   117
Invok: Depart the Abyss  |     1 |       ||     1
  Use: Potion            |     4 |     2 ||     6
       Scroll            |       |     1 ||     1
  Eat: Chunk             |     1 |       ||     1
       Ration            |     1 |       ||     1
Armor: Leather armour    |    57 |     4 ||    61
Dodge: Dodged            |   104 |    21 ||   125

Table legend:
 A = Spawn XP
 B = Non-spawn XP
 C = Spawn XP percentage of total XP
 D = Spawn monster count
 E = Non-spawn monster count
 F = Spawn count percentage of total count
 G = Total turns spent on level
                    A         B        C        D         E        F      G
               +---------+---------+-------+---------+---------+-------+---------
         Total |       0 |     117 |   0.0 |       0 |      37 |   0.0 |  2332
               +---------+---------+-------+---------+---------+-------+---------
           D:1 |       0 |      72 |   0.0 |       0 |      28 |   0.0 |  2072
           D:2 |       0 |      45 |   0.0 |       0 |       9 |   0.0 |   260
               +---------+---------+-------+---------+---------+-------+---------
